 Dungeon Crawl Stone Soup version 0.23.0 (webtiles) character file.

Game seed: 8892564509979257574

101100 Kairos the Severer (level 15, -6/82 HPs)
             Began as a Vine Stalker Fighter on Feb 11, 2019.
             Was the Champion of Okawaru.
             Mangled by a six-headed hydra (7 damage)
             ... called by a spriggan druid
             ... on level 4 of the Swamp.
             The game lasted 00:52:23 (18299 turns).

Kairos the Severer (Vine Stalker Fighter)          Turns: 18299, Time: 00:52:24

Health: -6/82      AC: 22    Str: 25    XL:     15   Next: 92%
Magic:  0/19       EV: 10    Int:  8    God:    Okawaru [******]
Gold:   1494       SH: 14    Dex: 18    Spells: 14/14 levels left

rFire    + . .     SeeInvis .   L - +8 flail "Daemenag" {freeze, rPois}
rCold    + . .     Gourm    .   u - +1 shield {AC+3}
rNeg     + . .     Faith    .   Z - +1 chain mail of Impermeability {rN+ Slay+5}
rPois    +         Spirit   +   y - +2 helmet
rElec    .         Reflect  .   r - scarf {rC+ rF+}
rCorr    .         Harm     .   x - +2 pair of gloves {archery}
MR       ++...                  (no boots)
Stlth    ..........             T - amulet of rage
HPRegen  1.03/turn              c - ring of protection from magic
MPRegen  0.16/turn              n - +4 ring of dexterity

@: no status effects
A: fangs 3, regeneration 2, magic shield, antimagic bite, no potion heal 3, rot
immunity
}: 1/15 runes: decaying
a: Heroism, Finesse, Renounce Religion, Evoke Berserk Rage


You were on level 4 of the Swamp.
You worshipped Okawaru.
Okawaru was exalted by your worship.
You were not hungry.

You visited 4 branches of the dungeon, and saw 19 of its levels.
You also visited: Ice Cave.

You collected 1494 gold pieces.

Inventory:

Hand Weapons
 s - a +6 war axe of freezing
 w - the +1 mace of the Vestibule of Hell {elec, rF+ Int+4 Dex+6}
   (You found it on level 6 of the Lair of Beasts)

   Occasionally, upon striking a foe, it will discharge some electrical energy
   and cause terrible harm.
   It affects your intelligence (+4).
   It affects your dexterity (+6).
   It protects you from fire.
 L - the +8 flail "Daemenag" (weapon) {freeze, rPois}
   (You found it on level 4 of the Lair of Beasts)

   It has been specially enchanted to freeze those struck by it, causing extra
   injury to most foes and up to half again as much damage against particularly
   susceptible opponents.
   It can also slow down cold-blooded creatures.
   It protects you from poison.
 N - a +0 broad axe
Missiles
 J - 7 tomahawks (quivered)
Armour
 r - a scarf of resistance (worn)
 u - a +1 shield of protection (worn)
 x - a +2 pair of gloves of archery (worn)
 y - a +2 helmet (worn)
 F - +0 swamp dragon scales
 P - a +1 scale mail of fire resistance
 Z - the +1 chain mail of Impermeability (worn) {rN+ Slay+5}
   (Okawaru gifted it to you on level 2 of the Swamp)

   It affects your accuracy and damage with ranged weapons and melee attacks
   (+5).
   It protects you from negative energy.
Magical Staves
 t - an uncursed staff of earth
Jewellery
 c - a ring of protection from magic (left hand)
 i - an uncursed amulet of the gourmand
 n - a +4 ring of dexterity (right hand)
 D - an uncursed ring of flight
 G - an uncursed ring of wizardry
 T - an amulet of rage (around neck)
Wands
 q - a wand of flame (17)
 A - a wand of acid (6)
 B - a wand of disintegration (46)
 E - a wand of scattershot (9)
 I - a wand of paralysis (10)
 K - a wand of enslavement (7)
 V - a wand of clouds (4)
Scrolls
 g - a scroll of identify
 h - a scroll of silence
 l - 5 scrolls of remove curse
 m - 4 scrolls of amnesia
 p - 5 scrolls of enchant armour
 v - 2 scrolls of fog
 U - 2 scrolls of magic mapping
 X - 2 scrolls of teleportation
Potions
 a - a potion of cancellation
 b - 3 potions of flight
 d - 3 potions of might
 e - 5 potions of curing
 j - 3 potions of resistance {unknown}
 k - 2 potions of agility
 o - 3 potions of haste
 z - a potion of brilliance {unknown}
 C - a potion of berserk rage
 O - a potion of ambrosia
 R - 2 potions of mutation {unknown}
 S - a potion of degeneration {unknown}
 Y - a potion of invisibility {unknown}
Comestibles
 f - 24 rations


   Skills:
 + Level 11.1 Fighting
 + Level 15.6(15.9) Axes
 + Level 5.5(11.7) Maces & Flails
 + Level 10.1 Armour
 + Level 4.0 Dodging
 + Level 1.9 Stealth
 + Level 10.7 Shields
 + Level 4.2 Invocations
 + Level 1.7 Evocations


You had 14 spell levels left.
You didn't know any spells.
Your spell library contained the following spells:

 Spells                   Type           Power        Failure   Level  Hunger
 Animate Skeleton         Necr           N/A          98%         1    ##.....
 Apportation              Tloc           #.....       98%         1    ##.....
 Confusing Touch          Hex            #.....       98%         1    ##.....
 Magic Dart               Conj           #...         98%         1    ##.....
 Summon Small Mammal      Summ           #...         98%         1    ##.....
 Blink                    Tloc           N/A          99%         2    ###....
 Searing Ray              Conj           #.....       99%         2    ###....
 Shroud of Golubria       Chrm/Tloc      #.........   99%         2    ###....
 Dazzling Spray           Conj/Hex       #.....       100%        3    ####...
 Gell's Gravitas          Tloc           #.........   100%        3    ####...
 Lesser Beckoning         Tloc           #.........   100%        3    ####...
 Teleport Other           Tloc           #.......     100%        3    ####...
 Force Lance              Conj/Tloc      #.......     100%        4    #####..
 Fulminant Prism          Conj/Hex       #.........   100%        4    #####..
 Iskenderun's Mystic Bla  Conj           #.......     100%        4    #####..
 Passage of Golubria      Tloc           N/A          100%        4    #####..


Dungeon Overview and Level Annotations

Branches:
Dungeon (8/15)             Temple (1/1) D:7            Lair (6/6) D:8
  Swamp (4/4) Lair:2       Spider (0/4) Lair:4        Slime (0/5) Lair:5

Altars:
Cheibriados
Dithmenos
Fedhas
Gozag
Hepliaklqana
Kikubaaqudgha
Makhleb
Nemelex Xobeh
Okawaru
Qazlal
Ru
Sif Muna
Trog
Uskayaw
Vehumet
Wu Jian
Xom
Yredelemnul
Zin
The Shining One

Annotations:
Lair:1 exclusion: 2 oklob plants
Swamp:1 5 transporters


Innate Abilities, Weirdness & Mutations

You have razor-sharp teeth.
You heal very quickly.
When hurt, damage is shared between your health and your magic reserves.
Your bite disrupts and absorbs the magic of your enemies.
Potions cannot restore your health.
You are immune to rotting.


Message History

The six-headed hydra completely misses you.
You block the six-headed hydra's attack.
The six-headed hydra bites you but does no damage.
The six-headed hydra barely misses you.
You fail to use your ability.
The trees move their gnarly branches around.
The spriggan druid splashes around in the water.
You block the seven-headed hydra's attack.
The seven-headed hydra bites you!
* * * LOW HITPOINT WARNING * * *
You block the seven-headed hydra's attack.
The seven-headed hydra bites you.
* * * LOW HITPOINT WARNING * * *
The seven-headed hydra bites you.
* * * LOW HITPOINT WARNING * * *
The seven-headed hydra bites you.
The seven-headed hydra bites you but does no damage.
You block the six-headed hydra's attack.
The six-headed hydra bites you!
You die...

≈≈.≈≈≈.≈♣ ♣.≈≈§......≈.≈♣
.≈♣≈.≈≈♣♣ ♣.≈≈≈≈≈≈...≈≈.♣ ♣♣♣♣♣
♣♣♣♣♣..♣♣ ..♣≈≈≈≈≈.≈≈..♣ ♣.≈.♣
≈....§.≈♣♣♣ ♣≈≈≈≈≈≈≈≈≈.♣♣ ♣≈≈≈≈
.≈≈≈≈≈...≈♣♣♣♣....≈≈....♣ ♣♣♣≈≈≈.
≈≈≈≈≈≈≈.≈≈≈.≈♣≈..≈≈≈....♣♣♣≈♣♣≈.<
≈..≈≈≈≈.≈≈≈......≈≈≈≈...≈≈.≈.≈≈..
.♣♣♣♣♣..≈≈≈≈≈≈≈≈.≈≈≈≈≈≈.≈≈...≈≈≈.
≈♣ ♣♣..≈≈≈≈≈≈≈≈@i§.≈≈≈.≈≈≈≈≈≈≈≈≈
♣♣ ♣≈...≈≈≈≈..≈DD≈≈≈§.≈..≈≈≈≈.≈≈
♣ ♣.≈≈..≈≈≈..≈.≈≈.≈≈≈≈...≈≈≈≈≈≈
♣.≈.♣♣♣..♣♣.≈≈≈.≈≈≈≈≈..≈≈≈≈.≈
♣..≈♣♣♣.≈..≈≈≈..♣.≈≈≈..≈≈≈...
♣...≈≈...≈≈≈≈≈≈≈.........≈..≈
♣♣♣≈≈....♣♣≈≈≈≈≈≈≈≈.♣♣♣♣♣≈≈.≈)≈
♣..≈≈...≈♣♣.§≈≈≈†≈≈..♣♣ ♣♣≈≈≈≈≈
♣≈....≈.♣♣♣.≈≈°°°°≈≈..♣♣ ♣♣≈≈≈≈


You could see a seven-headed hydra, a six-headed hydra and a spriggan druid.

Vanquished Creatures
  A tentacled monstrosity (Swamp:2)
  A frost giant (IceCv)
  18 hydras
  8 alligators
  A ghost crab (Swamp:3)
  A two-headed ogre (D:8)
  13 death yaks
  2 spriggan druids (Swamp:4)
  8 swamp dragons
  3 lindwurms (Swamp:4)
  Pikel (D:7)
  11 elephants
  4 black mambas
  An ice statue (IceCv)
  18 spiny frogs
  4 rime drakes
  A komodo dragon (Lair:6)
  Grinder (D:6)
  10 hornets
  11 tyrant leeches
  8 blink frogs
  17 polar bears
  8 bog bodies
  17 slime creatures
  Prince Ribbit (D:6)
  2 dream sheep (Lair:6)
  6 hippogriffs
  15 spriggans
  26 yaks
  Sigmund (D:3)
  2 shadows
  3 basilisks
  21 insubstantial wisps
  6 vampire mosquitoes
  15 swamp worms
  Edmund (D:5)
  12 porcupines
  11 water moccasins
  A floating eye (Lair:1)
  20 swamp drakes
  An orc warrior (D:8)
  A slave (D:7)
  4 phantoms
  A sky beast (D:8)
  5 black bears
  4 boggarts (Lair:6)
  33 wolves
  3 centaurs
  18 crocodiles
  Blork the orc (D:5)
  A gnoll sergeant (D:5)
  11 bullfrogs
  4 scorpions
  A water moccasin skeleton (D:5)
  A crimson imp (D:5)
  A quasit (D:5)
  5 jellies
  An orc priest (D:8)
  3 hounds
  A bullfrog skeleton (D:8)
  9 orc wizards
  Crazy Yiuf (D:7)
  3 iguanas
  7 worker ants
  6 hell rats (Lair:3)
  A hound skeleton (D:5)
  A worker ant zombie (D:4)
  12 gnolls
  7 adders
  3 oozes
  2 adder skeletons
  2 worms
  4 dart slugs
  5 leopard geckos
  18 orcs
  8 bats
  A giant cockroach (D:3)
  4 hobgoblins
  11 jackals
  3 kobolds
  3 quokkas
  2 ball pythons
  A ball python skeleton (D:4)
  3 frilled lizards
  A giant cockroach zombie (D:5)
  11 goblins
  A leopard gecko skeleton (D:8)
  7 rats
  2 fungi
  A plant (D:8)
551 creatures vanquished.

Vanquished Creatures (others)
  An adder zombie (D:7)
  20 fungi
  8 plants
29 creatures vanquished.

Grand Total: 580 creatures vanquished

Notes
Turn   | Place    | Note
-------+----------+-------------------------------------------
     0 | D:1      | Kairos the Vine Stalker Fighter began the quest for the
                  | Orb.
     0 | D:1      | Reached XP level 1. HP: 11/11 MP: 2/2
   300 | D:1      | Reached XP level 2. HP: 16/16 MP: 3/3
   443 | D:1      | Reached skill level 2 in Axes
   456 | D:1      | Reached XP level 3. HP: 11/20 MP: 4/4
   985 | D:2      | Noticed a phantom
  1008 | D:2      | HP: 1/20 [phantom (5)]
  1341 | D:2      | Gained mutation: Your natural rate of healing is unusually
                  | fast. [Vine Stalker growth]
  1341 | D:2      | Reached XP level 4. HP: 20/24 MP: 3/5
  1466 | D:2      | Found a stormy altar of Qazlal.
  1577 | D:2      | Reached skill level 3 in Axes
  1583 | D:2      | Killed a phantom
  1583 | D:2      | Reached XP level 5. HP: 25/28 MP: 6/6
  1736 | D:2      | Found a burning altar of Makhleb.
  1738 | D:2      | Noticed an Executioner
  1742 | D:2      | Noticed a ynoxinul
  1742 | D:2      | Noticed an orange demon
  2320 | D:3      | Noticed Sigmund
  2335 | D:3      | Killed Sigmund
  2335 | D:3      | Reached skill level 4 in Axes
  2335 | D:3      | Reached skill level 1 in Dodging
  2335 | D:3      | Reached XP level 6. HP: 27/32 MP: 5/7
  2588 | D:4      | Reached XP level 7. HP: 36/36 MP: 8/8
  2716 | D:4      | Found a snail-covered altar of Cheibriados.
  2722 | D:4      | Found a shadowy altar of Dithmenos.
  3057 | D:4      | Found an ornate altar of the Wu Jian Council.
  3345 | D:4      | Reached skill level 5 in Axes
  3354 | D:5      | Entered Level 5 of the Dungeon
  3523 | D:5      | Noticed Edmund
  3539 | D:5      | Killed Edmund
  3539 | D:5      | Gained mutation: You have razor-sharp teeth. [Vine Stalker
                  | growth]
  3539 | D:5      | Reached XP level 8. HP: 42/42 MP: 9/9
  3571 | D:5      | Noticed Blork the orc
  3576 | D:5      | Killed Blork the orc
  3576 | D:5      | Reached skill level 6 in Axes
  3658 | D:5      | Found a glowing silver altar of Zin.
  4327 | D:6      | Noticed Prince Ribbit
  4330 | D:6      | Killed Prince Ribbit
  4372 | D:6      | Reached skill level 7 in Axes
  4372 | D:6      | Reached XP level 9. HP: 46/46 MP: 10/10
  4464 | D:6      | Reached skill level 5 in Armour
  4520 | D:6      | Noticed Grinder
  4526 | D:6      | Paralysed by Grinder for 3 turns
  4532 | D:6      | Killed Grinder
  5007 | D:7      | Reached skill level 5 in Fighting
  5054 | D:7      | Found a runed translucent door.
  5055 | D:7      | Noticed Crazy Yiuf
  5121 | D:7      | Killed Crazy Yiuf
  5356 | D:7      | Found a staircase to the Ecumenical Temple.
  5367 | Temple   | Entered the Ecumenical Temple
  5422 | Temple   | Became a worshipper of Warmaster Okawaru
  5458 | D:7      | Reached skill level 5 in Shields
  5477 | D:7      | Noticed Pikel
  5511 | D:7      | Killed Pikel
  5511 | D:7      | Reached * piety under Okawaru
  5511 | D:7      | Reached skill level 8 in Axes
  5511 | D:7      | Reached skill level 1 in Stealth
  5845 | D:8      | Found a stormy altar of Qazlal.
  5845 | D:8      | Found an ancient bone altar of Kikubaaqudgha.
  5845 | D:8      | Found a basalt altar of Yredelemnul.
  6005 | D:8      | Reached XP level 10. HP: 51/51 MP: 11/11
  6011 | D:8      | Reached skill level 9 in Axes
  6023 | D:8      | Found a staircase to the Lair.
  6064 | D:8      | Reached ** piety under Okawaru
  6153 | D:8      | Found a bloodstained altar of Trog.
  6282 | D:8      | Noticed a two-headed ogre
  6868 | D:8      | Killed a two-headed ogre
  6868 | D:8      | Reached *** piety under Okawaru
  6868 | D:8      | Reached skill level 10 in Axes
  7027 | Lair:1   | Entered Level 1 of the Lair of Beasts
  7098 | Lair:1   | Noticed an oklob plant
  7123 | Lair:1   | Noticed an oklob plant
  7126 | Lair:1   | Paralysed by a floating eye for 3 turns
  7221 | Lair:1   | Found a burning altar of Makhleb.
  7314 | Lair:1   | Noticed a spiny frog
  7317 | Lair:1   | Noticed a spiny frog
  7320 | Lair:1   | Killed a spiny frog
  7329 | Lair:1   | Killed a spiny frog
  7954 | Lair:2   | Reached **** piety under Okawaru
  7954 | Lair:2   | Reached skill level 1 in Evocations
  7954 | Lair:2   | Reached XP level 11. HP: 53/56 MP: 11/13
  7956 | Lair:2   | Reached skill level 1 in Invocations
  8163 | Lair:2   | Found a staircase to the Swamp.
  8811 | Lair:3   | Reached ***** piety under Okawaru
  8811 | Lair:3   | Reached skill level 11 in Axes
  9147 | Lair:3   | Received a gift from Okawaru
  9719 | Lair:4   | Received a gift from Okawaru
  9720 | Lair:4   | Got a brightly glowing quarterstaff {god gift}
  9728 | Lair:4   | Noticed a seven-headed hydra
  9742 | Lair:4   | Killed an eight-headed hydra
  9752 | Lair:4   | HP: 4/87 [poisoned by a black mamba]
  9757 | Lair:4   | Gained mutation: You heal very quickly. [Vine Stalker
                  | growth]
  9757 | Lair:4   | Reached XP level 12. HP: 5/63 MP: 14/14
  9771 | Lair:4   | Reached skill level 1 in Maces & Flails
  9796 | Lair:4   | Received a gift from Okawaru
 10095 | Lair:4   | Found a hole to the Spider Nest.
 10117 | Lair:4   | Got a jewelled flail
 10128 | Lair:4   | Found a frozen archway.
 10143 | IceCv    | Entered an ice cave
 10165 | IceCv    | Identified the +8 flail "Daemenag" {freeze, rPois} (You
                  | found it on level 4 of the Lair of Beasts)
 10338 | IceCv    | Received a gift from Okawaru
 10729 | IceCv    | Reached skill level 12 in Axes
 11059 | IceCv    | Noticed a frost giant
 11104 | IceCv    | Killed a frost giant
 11182 | IceCv    | Got a pitted halberd
 12022 | Lair:5   | Reached XP level 13. HP: 69/69 MP: 15/15
 12129 | Lair:5   | Found a staircase to the Slime Pits.
 12413 | Lair:5   | Received a gift from Okawaru
 12918 | Lair:6   | Entered Level 6 of the Lair of Beasts
 12924 | Lair:6   | Paralysed by a hornet for 3 turns
 13091 | Lair:6   | Reached skill level 13 in Axes
 13422 | Lair:6   | Received a gift from Okawaru
 13429 | Lair:6   | Reached XP level 14. HP: 57/75 MP: 17/17
 13431 | Lair:6   | Reached ****** piety under Okawaru
 13621 | Lair:6   | Reached skill level 14 in Axes
 13931 | Lair:6   | Got an ancient mace
 14306 | Swamp:1  | Entered Level 1 of the Swamp
 14605 | Swamp:1  | Found a transporter.
 14605 | Swamp:1  | Noticed a thorn hunter
 14607 | Swamp:1  | Found a transporter.
 14611 | Swamp:1  | Paralysed by a hornet for 1 turns
 14625 | Swamp:1  | Found a transporter.
 14671 | Swamp:1  | Found a transporter.
 14671 | Swamp:1  | Found a transporter.
 14924 | Swamp:1  | Reached skill level 10 in Fighting
 14948 | Swamp:1  | Identified the +1 mace of the Vestibule of Hell {elec, rF+
                  | Int+4 Dex+6} (You found it on level 6 of the Lair of
                  | Beasts)
 15478 | Swamp:2  | Received a gift from Okawaru
 15504 | Swamp:2  | Got a transparent chain mail {god gift}
 15515 | Swamp:2  | Identified the +1 chain mail of Impermeability {rN+ Slay+5}
                  | (Okawaru gifted it to you on level 2 of the Swamp)
 15581 | Swamp:2  | Noticed a tentacled monstrosity
 15604 | Swamp:2  | Killed a tentacled monstrosity
 15622 | Swamp:2  | Reached skill level 15 in Axes
 15622 | Swamp:2  | Reached XP level 15. HP: 71/81 MP: 16/18
 16600 | Swamp:3  | Reached skill level 10 in Shields
 17278 | Swamp:4  | Entered Level 4 of the Swamp
 17905 | Swamp:4  | Received a gift from Okawaru
 17905 | Swamp:4  | Reached skill level 10 in Armour
 18121 | Swamp:4  | Reached skill level 5 in Maces & Flails
 18167 | Swamp:4  | Got a decaying rune of Zot
 18299 | Swamp:4  | HP: 2/82 [seven-headed hydra[a spriggan druid] (4)]
 18299 | Swamp:4  | Mangled by a six-headed hydra

Skill      XL: |  1  2  3  4  5  6  7  8  9 10 11 12 13 14 15 |
---------------+----------------------------------------------+-----
Fighting       | 3 4 5 6 7 8 9 10 11 | 11.1
Axes           | 2 3 4 5 7 8 10 11 12 13 15 | 15.6
Shields        | 3 4 5 6 7 8 9 10 | 10.7
Armour         | 3 4 5 6 7 8 9 10 | 10.1
Dodging        | 1 2 3 4 |  4.0
Stealth        | 1 |  1.9
Evocations     | 1 |  1.7
Invocations    | 1 2 3 4 |  4.2
Maces & Flails | 2 3 4 5 |  5.5

Action                   |  1- 3 |  4- 6 |  7- 9 | 10-12 | 13-15 || total
-------------------------+-------+-------+-------+-------+-------++-------
Melee: War axe           |    96 |   134 |   274 |   434 |   769 ||  1707
       Bite              |    18 |    40 |    95 |   229 |   404 ||   786
       Mace              |       |       |       |    70 |       ||    70
       Flail             |       |       |       |       |   137 ||   137
Invok: Heroism           |       |       |       |     4 |    15 ||    19
       Finesse           |       |       |       |     2 |     4 ||     6
Evoke: Wand              |       |       |       |     5 |       ||     5
  Use: Scroll            |     3 |     2 |     6 |    10 |    16 ||    37
       Potion            |       |       |       |     4 |     1 ||     5
 Stab: Confused          |       |       |       |       |     1 ||     1
  Eat: Chunk             |       |     6 |    11 |    13 |     8 ||    38
       Ration            |       |       |       |     2 |     5 ||     7
Armor: Scale mail        |    10 |       |       |       |       ||    10
       Chain mail        |    54 |    72 |   119 |   266 |   335 ||   846
       Plate armour      |       |       |       |       |    32 ||    32
       Swamp dragon scal |       |       |       |       |    13 ||    13
Dodge: Dodged            |    31 |    22 |    70 |   165 |   287 ||   575
Block: Shield            |    60 |    70 |   144 |   323 |   566 ||  1163
